AoeStats
← xarminx

African Clearing

510581132Analyzed
3v3 RM · 23h ago on Oct 1, 2026· 54m 41s· 6 players
Game mode
Random Map
Map size
Normal (6 player)
Population
200
Speed
Normal
Resources
Standard
Victory
Conquest
Starting age
Dark Age
Ending age
Imperial Age
RankedLock teamsTeams togetherTeam positionsShared explorationLock speedFull tech treeHidden civsTurbo modeCheats
Victory
Defeat
🇦🇹 Franks · Austria
1171
+14
🇦🇹 Hindustanis · Austria
1164
+15
🇦🇹 Dravidians · Austria
1114
+17
🇩🇪 Cumans · Germany
1140
-16
🇩🇪 Saxons · Germany
1138
-15
🇩🇪 Huns · Germany
1124
-15
ragnksaefh
12:45 Feudal Age
18:33 Castle Age
17:40 Bloodlines
23:31 Double-Bit Axe
23:31 Horse Collar
26:06 Heavy Plow
32:51 Bow Saw
33:56 Wheelbarrow
33:07 Town Watch
34:09 Scale Barding Armor
35:40 Pikeman
37:16 Forging
37:27 Chain Barding Armor
44:39 Imperial Age
44:56 Cavalier
45:37 Husbandry
46:24 Plate Barding Armor
46:19 Halberdier
46:26 Halberdier
46:54 Paladin
51:29 Iron Casting
50:55 Scale Mail Armor
51:58 Hand Cart
Passive Value
11:03 Loom
13:47 Feudal Age
25:19 Castle Age
32:06 Fletching
33:26 Thumb Ring
32:44 Crossbowman
33:21 Bodkin Arrow
45:13 Imperial Age
43:36 Ballistics
46:26 Conscription
47:06 Murder Holes
48:13 Elite Skirmisher
52:54 Scale Mail Armor
xarminx
10:46 Loom
13:05 Feudal Age
16:35 Double-Bit Axe
20:41 Fletching
25:09 Castle Age
25:39 Stone Mining
27:31 Horse Collar
27:59 Pikeman
30:39 Bodkin Arrow
HOOLA | Thorfast
11:46 Loom
15:22 Feudal Age
16:06 Double-Bit Axe
19:42 Castle Age
20:34 Scale Barding Armor
26:33 Gold Mining
27:29 Bow Saw
30:34 Wheelbarrow
31:40 Hand Cart
38:15 Husbandry
38:40 Chain Barding Armor
38:30 Forging
47:29 Gold Shaft Mining
49:40 Imperial Age
46:56 Town Watch
47:55 Iron Casting
52:11 Cavalier
53:32 Plate Barding Armor
53:58 Blast Furnace
52:24 Cavalier
53:48 Conscription
HOOLA | okokokok
10:50 Loom
13:04 Feudal Age
13:49 Man-at-Arms
14:30 Double-Bit Axe
14:30 Horse Collar
17:02 Forging
16:48 Arson
28:27 Castle Age
26:48 Scale Mail Armor
27:50 Stone Mining
30:07 Chain Mail Armor
29:18 Long Swordsman
31:14 Iron Casting
31:03 Gambesons
31:19 Squires
32:19 Town Watch
44:39 Imperial Age
45:46 Padded Archer Armor
48:28 Leather Archer Armor
48:03 Fletching
HOOLA | Gittlerella
4:04 Loom
15:26 Feudal Age
20:16 Scale Barding Armor
28:06 Castle Age
26:05 Double-Bit Axe
27:07 Horse Collar
28:48 Forging
28:50 Fletching
29:22 Heavy Plow
31:31 Husbandry
34:31 Chain Barding Armor
34:14 Murder Holes
36:04 Iron Casting
35:55 Gold Mining
36:11 Stone Mining
37:14 Fortified Wall
38:28 Bloodlines
45:17 Bow Saw
46:43 Wheelbarrow
48:19 Stone Shaft Mining
54:09 Imperial Age
54:15 Heavy Camel Rider
55:35 Plate Barding Armor
56:01 Blast Furnace
Connection lost

Rejoining the realm…

Still unreachable

The connection could not be restored.

Session expired

The server has moved on; the page needs a fresh start.